 Dungeon Crawl Stone Soup version 0.20-a0-1020-g7b9e4fe (webtiles) character file.

105 JeffiDaFish the Firebug (level 4, 0/34 HPs)
             Began as a Draconian Fire Elementalist on Apr 18, 2017.
             Succumbed to a kobold's poison
             ... on level 2 of the Dungeon.
             The game lasted 00:06:05 (1346 turns).

JeffiDaFish the Firebug (DrFE)                      Turns: 1346, Time: 00:06:05

Health: 0/34       AC:  8    Str: 11    XL:     4   Next: 54%
Magic:  8/8        EV: 12    Int: 21    God:
Gold:   92         SH:  4    Dex: 12    Spells: 1/8 levels left

rFire    . . .     SeeInvis .   e - +1 mace
rCold    . . .     Gourm    .   g - +0 buckler
rNeg     . . .     Faith    .   (armour unavailable)
rPois    .         Spirit   .   (helmet restricted)
rElec    .         Reflect  .   l - +0 cloak
rCorr    .         Harm     .   (no gloves)
MR       .....                  (no boots)
Stlth    ++........             (no amulet)
Regen    0.2/turn               h - +6 ring of intelligence
MPRegen  0.2/turn               j - +2 ring of protection

@: lethally poisoned (0 -> -4)
A: unfitting armour, cold-blooded, AC +5
a: no special abilities


You were on level 2 of the Dungeon.
You were not hungry.

You visited 1 branch of the dungeon, and saw 3 of its levels.

You collected 92 gold pieces.

Inventory:

Hand Weapons
 e - a +1 mace (weapon)
Armour
 g - a +0 buckler (worn)
 l - a +0 cloak (worn)
Jewellery
 h - a +6 ring of intelligence (left hand)
 j - a +2 ring of protection (right hand)
Scrolls
 d - a scroll of teleportation
 i - a scroll of magic mapping
Books
 a - a book of Flames

   Spells                             Type                      Level
   a - Flame Tongue                   Conjuration/Fire             1
   b - Throw Flame                    Conjuration/Fire             2
   c - Conjure Flame                  Conjuration/Fire             3
   d - Inner Flame                    Hexes/Fire                   3
   e - Sticky Flame                   Conjuration/Fire             4
   f - Fireball                       Conjuration/Fire             5
Comestibles
 b - 4 bread rations
 c - 2 royal jellies
 k - a meat ration


   Skills:
 - Level 0.9 Fighting
 - Level 1.9 Dodging
 - Level 1.7 Stealth
 * Level 2.2 Shields
 + Level 2.7 Spellcasting
 + Level 1.7 Conjurations
 + Level 3.6 Fire Magic


You had one spell level left.
You knew the following spells:

 Your Spells              Type           Power        Failure   Level  Hunger
a - Flame Tongue          Conj/Fire      ##...        8%          1    None
b - Throw Flame           Conj/Fire      ##....       12%         2    ##.....
c - Sticky Flame          Conj/Fire      ##......     67%         4    ####...


Dungeon Overview and Level Annotations

Branches:
Dungeon (3/15)

Altars:
Qazlal


Innate Abilities, Weirdness & Mutations

Your plain brown scales are hard. (AC +5)
You cannot fit into any form of body armour.
You are cold-blooded and may be slowed by cold attacks.


Message History

You feel sick.
You see here 7 gold pieces.
You now have 92 gold pieces (gained 7).
* * * LOW HITPOINT WARNING * * *
You feel sick.
* * * LOW HITPOINT WARNING * * *
You feel sick.
You aren't carrying any potions.
As you read the scroll of teleportation, it crumbles to dust.
You feel strangely unstable.
* * * LOW HITPOINT WARNING * * *
You feel sick.
* * * LOW HITPOINT WARNING * * *
You feel sick.
Your surroundings suddenly seem different.
* * * LOW HITPOINT WARNING * * *
You feel sick.
* * * LOW HITPOINT WARNING * * *
You feel sick.
You die...

### ..#
#.# #.#
#.#
#####.#
#....@#
#.#####


There were no monsters in sight!

Vanquished Creatures
  A hound (D:3)
  Natasha (D:3)
  An adder (D:3)
  2 worms (D:3)
  A ball python (D:1)
  3 bats
  2 giant cockroaches (D:1)
  4 goblins
  6 hobgoblins
  2 jackals (D:3)
  A frilled lizard (D:2)
  7 kobolds
  3 rats
34 creatures vanquished.

Notes
Turn   | Place    | Note
-------+----------+-------------------------------------------
     0 | D:1      | JeffiDaFish the Draconian Fire Elementalist began the quest for the Orb.
     0 | D:1      | Reached XP level 1. HP: 14/14 MP: 3/3
   202 | D:1      | Reached XP level 2. HP: 20/20 MP: 3/5
   236 | D:1      | Learned a level 2 spell: Throw Flame
   663 | D:2      | Found a stormy altar of Qazlal.
   754 | D:3      | Reached XP level 3. HP: 26/26 MP: 3/6
   780 | D:3      | Reached skill level 1 in Shields
   967 | D:3      | Reached XP level 4. HP: 22/34 MP: 1/8
  1080 | D:3      | Learned a level 4 spell: Sticky Flame
  1189 | D:3      | Noticed Natasha
  1194 | D:3      | Killed Natasha
  1342 | D:2      | HP: 1/34 [poisoned by a kobold]
  1346 | D:2      | Succumbed to a kobold's poison

Vault maps used:
D:1:      dpeg_arrival_rooms_with_view
D:2:      nicolae_qazlal_eye_of_the_storm, first_bread, minmay_cupped
D:3:      uniq_natasha

Skill      XL: |  1  2  3  4 |
---------------+-------------+-----
Shields        | 1 2 |  2.2
Fighting       | |  0.9
Dodging        | |  1.9
Stealth        | |  1.7
Spellcasting   | |  2.7
Conjurations   | |  1.7
Fire Magic     | |  3.6

Action                   |  1- 3 |  4- 6 || total
-------------------------+-------+-------++-------
Melee: Unarmed           |    14 |       ||    14
       Mace              |    43 |     7 ||    50
       Tailslap          |     4 |     1 ||     5
 Cast: Flame Tongue      |    29 |     7 ||    36
       Throw Flame       |     8 |       ||     8
  Use: Scroll            |     7 |     1 ||     8
       Potion            |     3 |       ||     3
 Stab: Sleeping          |       |     1 ||     1
  Eat: Chunk             |     1 |     1 ||     2
Armor: Skin              |    30 |     3 ||    33
Dodge: Dodged            |    42 |     4 ||    46
Block: Buckler           |     9 |     1 ||    10
